ESL (28 & UNDER)
RIO GRANDE RATTLESNAKE @ NEWARK BULLDOGS
06/15/2026
 
TOP OF THE 1ST
Rio Grande Rattlesnake batting - Pitching for Newark Bulldogs : RHP Russ Brown
Pitching: RHP Russ Brown
Batting: RHB Javier Rentería 0-0: Foul Ball, location: 2F
0-1: Ball
1-1: Ball
2-1: Ground out 1-3 (Groundball, 15S)
Batting: LHB R.J. Courtney 0-0: Ball
1-0: Ball
2-0: Swinging Strike
2-1: Foul Ball, location: 2F
2-2: Strikes out swinging
Batting: SHB Douglas Taylor 0-0: Foul Ball, location: 2F
0-1: Ball
1-1: Ground out 6-3 (Groundball, 6M)
Top of the 1st over - 0 run(s), 0 hit(s), 0 error(s), 0 left on base; Rio Grande 0 - Newark 0
BOTTOM OF THE 1ST
Newark Bulldogs batting - Pitching for Rio Grande Rattlesnake : RHP Martin Miller
Pitching: RHP Martin Miller
Batting: SHB Nick Marshall 0-0: Called Strike
0-1: Called Strike
0-2: Foul Ball, location: 2F
0-2: SINGLE (Line Drive, 34D)
Batting: RHB Carl Byrd 0-0: Foul Ball, location: 2F
0-1: Fielders Choice at 2nd, 1-6 (Groundball, 23)
Batting: RHB Rob Bass 0-0: Called Strike
0-1: Ball
1-1: Ball
2-1: Foul Ball, location: 2F
2-2: Foul Ball, location: 2F
2-2: Foul Ball, location: 2F
2-2: Strikes out swinging
Batting: LHB Lee Burton 0-0: Fly out, F5 (Line Drive, 5)
Bottom of the 1st over - 0 run(s), 1 hit(s), 0 error(s), 1 left on base; Rio Grande 0 - Newark 0
TOP OF THE 2ND
Rio Grande Rattlesnake batting - Pitching for Newark Bulldogs : RHP Russ Brown
Batting: RHB Max Jones 0-0: Fly out, F9 (Flyball, 89S)
Batting: RHB Hollis Wood 0-0: Ball
1-0: Ball
2-0: Called Strike
2-1: Foul Ball, location: 2F
2-2: Ball
3-2: Base on Balls
Batting: RHB Doug Delaney 0-0: DOUBLE (Line Drive, 5D)
Hollis Wood to third
Batting: RHB Juan López 0-0: Ball
1-0: Ball
2-0: Called Strike
2-1: SINGLE (Line Drive, 8LS)
Hollis Wood scores
Doug Delaney to third
Batting: RHB Maresuke Yoshida 0-0: Ball
1-0: Called Strike
1-1: Swinging Strike
1-2: Ball
2-2: Strikes out swinging
Batting: SHB Jeremy Holmes 0-0: Ball
1-0: Ball
2-0: Ball
3-0: Swinging Strike
3-1: Swinging Strike
3-2: Base on Balls
Juan López to second
Batting: RHB Javier Rentería 0-0: Ball
1-0: Called Strike
1-1: Swinging Strike
1-2: Ground out 5-3 (Groundball, 56S)
Top of the 2nd over - 1 run(s), 2 hit(s), 0 error(s), 3 left on base; Rio Grande 1 - Newark 0
BOTTOM OF THE 2ND
Newark Bulldogs batting - Pitching for Rio Grande Rattlesnake : RHP Martin Miller
Batting: RHB Jonas Uttley 0-0: Called Strike
0-1: Fly out, F9 (Flyball, 9S)
Batting: RHB Emílio Salas 0-0: Ball
1-0: Ground out 6-3 (Groundball, 6M)
Batting: RHB Larry Booth 0-0: Ball
1-0: Ball
2-0: Ground out 6-3 (Groundball, 6M)
Bottom of the 2nd over - 0 run(s), 0 hit(s), 0 error(s), 0 left on base; Rio Grande 1 - Newark 0
TOP OF THE 3RD
Rio Grande Rattlesnake batting - Pitching for Newark Bulldogs : RHP Russ Brown
Batting: LHB R.J. Courtney 0-0: Called Strike
0-1: Foul Ball, location: 2F
0-2: Foul Ball, location: 2F
0-2: Ball
1-2: Ball
2-2: Ball
3-2: Base on Balls
Batting: SHB Douglas Taylor 0-0: Called Strike
0-1: Ball
1-1: Fly out, F7 (Line Drive, 7M)
Batting: RHB Max Jones 0-0: Ball
1-0: Foul Ball, location: 2F
1-1: Ball
2-1: Called Strike
R.J. Courtney steals 2nd base
2-2: Foul Ball, location: 2F
2-2: Ball
3-2: Ground out 4-3 (Groundball, 4M)
R.J. Courtney to third
Batting: RHB Hollis Wood 0-0: Foul Ball, location: 2F
0-1: Ball
1-1: Foul Ball, location: 2F
1-2: Fly out, F3 (Popup, 3F)
Top of the 3rd over - 0 run(s), 0 hit(s), 0 error(s), 1 left on base; Rio Grande 1 - Newark 0
BOTTOM OF THE 3RD
Newark Bulldogs batting - Pitching for Rio Grande Rattlesnake : RHP Martin Miller
Batting: LHB Rocky Whitcomb 0-0: SINGLE (Groundball, 6MD)
Batting: RHB Leonardo Pinto 0-0: Ball
1-0: Fly out, F9 (Flyball, 9LS)
Batting: SHB Nick Marshall 0-0: Ball
1-0: Ball
2-0: Ball
3-0: Called Strike
3-1: Fly out, F9 (Line Drive, 9M)
Batting: RHB Carl Byrd 0-0: Ball
1-0: Called Strike
1-1: Foul Ball, location: 2F
1-2: Fly out, F9 (Flyball, 9LM)
Bottom of the 3rd over - 0 run(s), 1 hit(s), 0 error(s), 1 left on base; Rio Grande 1 - Newark 0
TOP OF THE 4TH
Rio Grande Rattlesnake batting - Pitching for Newark Bulldogs : RHP Russ Brown
Batting: RHB Doug Delaney 0-0: Ball
1-0: Foul Ball, location: 2F
1-1: Called Strike
1-2: Strikes out swinging
Batting: RHB Juan López 0-0: Ball
1-0: Ball
2-0: Ball
3-0: Called Strike
3-1: Foul Ball, location: 2F
3-2: Ground out 5-3 (Groundball, 56S)
Batting: RHB Maresuke Yoshida 0-0: Ball
1-0: Ball
2-0: SINGLE (Line Drive, 89S)
Pitching: RHP Jim Cook
Batting: SHB Jeremy Holmes 0-0: Foul Ball, location: 2F
0-1: SINGLE (Line Drive, 34)
Maresuke Yoshida to second
Runner from 2nd tries for 3rd, SAFE, throw made to third
Jeremy Holmes to second
Batting: RHB Javier Rentería 0-0: Ground out 4-3 (Groundball, 4)
Top of the 4th over - 0 run(s), 2 hit(s), 0 error(s), 2 left on base; Rio Grande 1 - Newark 0
BOTTOM OF THE 4TH
Newark Bulldogs batting - Pitching for Rio Grande Rattlesnake : RHP Martin Miller
Batting: RHB Rob Bass 0-0: Ball
1-0: Called Strike
1-1: Ball
2-1: Ball
3-1: Foul Ball, location: 2F
3-2: Base on Balls
Batting: LHB Lee Burton 0-0: Called Strike
0-1: Ball
1-1: Ball
2-1: Ball
3-1: Called Strike
3-2: 2-RUN HOME RUN (Flyball, 9D), Distance : 374 ft
Batting: RHB Jonas Uttley 0-0: Called Strike
0-1: Swinging Strike
0-2: Ball
1-2: SINGLE (Line Drive, 4D)
Batting: RHB Emílio Salas Pickoff Throw to First - Error! E1
Jonas Uttley to second
0-0: Ball
1-0: Ball
2-0: Called Strike
2-1: Foul Ball, location: 2F
2-2: DOUBLE (Line Drive, 7LM)
Jonas Uttley scores
Batting: RHB Larry Booth 0-0: Called Strike
0-1: Ball
1-1: SINGLE (Groundball, 6MD)
Emílio Salas to third
Runner from 3rd tries for Home, SAFE, no throw or cutoff
Batting: LHB Rocky Whitcomb 0-0: Ball
1-0: Called Strike
1-1: Foul Ball, location: 2F
1-2: DOUBLE (Line Drive, 89M)
Larry Booth to third
Batting: RHB Leonardo Pinto 0-0: Called Strike
0-1: Ball
1-1: Foul Ball, location: 2F
1-2: Strikes out swinging
Batting: SHB Nick Marshall 0-0: Ball
1-0: Ball
2-0: Foul Ball, location: 2F
2-1: Ball
3-1: Called Strike
3-2: Base on Balls
Batting: RHB Carl Byrd 0-0: Swinging Strike
0-1: Called Strike
0-2: Fielders Choice at 2nd, 2-6 (Groundball, 2L)
Larry Booth scores
Rocky Whitcomb to third
Batting: RHB Rob Bass 0-0: SINGLE (Groundball, 6MD) (infield hit)
Rocky Whitcomb scores
Carl Byrd to second
Batting: LHB Lee Burton 0-0: Ball
1-0: Ball
2-0: Ball
3-0: Called Strike
3-1: Base on Balls
Carl Byrd to third
Rob Bass to second
Batting: RHB Jonas Uttley 0-0: SINGLE (Line Drive, 8RS)
Carl Byrd scores
Rob Bass to third
Lee Burton to second
Runner from 3rd tries for Home, SAFE, no throw or cutoff
Pitching: RHP Connor Reed
Batting: RHB Emílio Salas 0-0: Ball
1-0: Ball
2-0: Fly out, F6 (Popup, 5D)
Bottom of the 4th over - 8 run(s), 7 hit(s), 1 error(s), 2 left on base; Rio Grande 1 - Newark 8
TOP OF THE 5TH
Rio Grande Rattlesnake batting - Pitching for Newark Bulldogs : RHP Jim Cook
Batting: LHB R.J. Courtney 0-0: Called Strike
0-1: Ball
1-1: Ball
2-1: Ground out 4-3 (Groundball, 4)
Batting: SHB Douglas Taylor 0-0: Ball
1-0: Foul Ball, location: 2F
1-1: Reached on Error, E8 (Flyball, 8LD)
Batting: RHB Max Jones 0-0: Ball
1-0: Ball
2-0: Ball
3-0: Called Strike
3-1: Base on Balls
Batting: RHB Hollis Wood 0-0: Grounds into double play, 6-4-3 (Groundball, 6)
Top of the 5th over - 0 run(s), 0 hit(s), 1 error(s), 1 left on base; Rio Grande 1 - Newark 8
BOTTOM OF THE 5TH
Newark Bulldogs batting - Pitching for Rio Grande Rattlesnake : RHP Connor Reed
Batting: RHB Larry Booth 0-0: Ball
1-0: Swinging Strike
1-1: Called Strike
1-2: Strikes out swinging
Batting: LHB Rocky Whitcomb 0-0: Fly out, F5 (Popup, 56)
Batting: RHB Leonardo Pinto 0-0: Foul Ball, location: 2F
0-1: Ball
1-1: Called Strike
1-2: Ball
2-2: Fly out, F9 (Flyball, 89S)
Bottom of the 5th over - 0 run(s), 0 hit(s), 0 error(s), 0 left on base; Rio Grande 1 - Newark 8
TOP OF THE 6TH
Rio Grande Rattlesnake batting - Pitching for Newark Bulldogs : RHP Jim Cook
Batting: RHB Doug Delaney 0-0: Called Strike
0-1: Swinging Strike
0-2: Ball
1-2: Ball
2-2: Ball
3-2: Ground out 4-3 (Groundball, 4M)
Batting: RHB Juan López 0-0: Ball
1-0: Called Strike
1-1: Called Strike
1-2: Strikes out looking
Batting: RHB Maresuke Yoshida 0-0: Fly out, F8 (Flyball, 8LM)
Top of the 6th over - 0 run(s), 0 hit(s), 0 error(s), 0 left on base; Rio Grande 1 - Newark 8
BOTTOM OF THE 6TH
Newark Bulldogs batting - Pitching for Rio Grande Rattlesnake : RHP Connor Reed
Batting: SHB Nick Marshall 0-0: Called Strike
0-1: Ball
1-1: Foul Ball, location: 2F
1-2: Strikes out looking
Batting: RHB Carl Byrd 0-0: Ball
1-0: Swinging Strike
1-1: Swinging Strike
1-2: Ball
2-2: Ball
3-2: Strikes out swinging
Batting: RHB Rob Bass 0-0: Called Strike
0-1: Ball
1-1: Foul Ball, location: 2F
1-2: Ball
2-2: Foul Ball, location: 2F
2-2: Ball
3-2: Strikes out swinging
Bottom of the 6th over - 0 run(s), 0 hit(s), 0 error(s), 0 left on base; Rio Grande 1 - Newark 8
TOP OF THE 7TH
Rio Grande Rattlesnake batting - Pitching for Newark Bulldogs : RHP Jim Cook
Pitching: RHP Jesús Salazar
Batting: SHB Jeremy Holmes 0-0: Ball
1-0: Ball
2-0: Ball
3-0: Ground out 4-3 (Groundball, 34)
Batting: RHB Javier Rentería 0-0: Fly out, F4 (Popup, 4D)
Batting: LHB R.J. Courtney 0-0: Ground out U3 (Groundball, 3L)
Top of the 7th over - 0 run(s), 0 hit(s), 0 error(s), 0 left on base; Rio Grande 1 - Newark 8
BOTTOM OF THE 7TH
Newark Bulldogs batting - Pitching for Rio Grande Rattlesnake : RHP Connor Reed
Pitching: RHP Albert Gonzáles
Batting: LHB Lee Burton 0-0: Ball
1-0: Foul Ball, location: 2F
1-1: Ball
2-1: Ball
3-1: Base on Balls
Batting: RHB Jonas Uttley 0-0: Swinging Strike
0-1: Called Strike
0-2: Foul Ball, location: 2F
0-2: Fly out, F4 (Line Drive, 4D)
Batting: RHB Emílio Salas 0-0: Called Strike
0-1: Hit by Pitch
Lee Burton to second
Batting: RHB Larry Booth 0-0: Swinging Strike
0-1: Called Strike
0-2: Ball
1-2: Strikes out looking
Batting: LHB Rocky Whitcomb 0-0: Ball
1-0: Ball
2-0: Ball
3-0: Called Strike
3-1: Foul Ball, location: 2F
3-2: Foul Ball, location: 2F
3-2: Foul Ball, location: 2F
3-2: Foul Ball, location: 2F
3-2: Base on Balls
Lee Burton to third
Emílio Salas to second
Batting: RHB Leonardo Pinto 0-0: Called Strike
0-1: Ground out 6-3 (Groundball, 6)
Bottom of the 7th over - 0 run(s), 0 hit(s), 0 error(s), 3 left on base; Rio Grande 1 - Newark 8
TOP OF THE 8TH
Rio Grande Rattlesnake batting - Pitching for Newark Bulldogs : RHP Jesús Salazar
Now at C: Gabriel Villegas
Batting: SHB Douglas Taylor 0-0: Ball
1-0: Ball
2-0: Ball
3-0: Called Strike
3-1: Ground out 4-3 (Groundball, 34)
Batting: RHB Max Jones 0-0: Ball
1-0: Called Strike
1-1: Called Strike
1-2: SINGLE (Line Drive, 7S)
Batting: RHB Hollis Wood 0-0: Foul Ball, location: 2F
0-1: Ball
1-1: Swinging Strike
1-2: SINGLE (Groundball, 56D)
Max Jones to second
Batting: RHB Doug Delaney 0-0: Ball
1-0: Ball
2-0: Ball
3-0: Called Strike
3-1: Base on Balls
Max Jones to third
Hollis Wood to second
Batting: RHB Juan López 0-0: Called Strike
0-1: Ball
1-1: Swinging Strike
1-2: Ball
2-2: Strikes out swinging
Batting: RHB Maresuke Yoshida 0-0: Ball
1-0: DOUBLE (Flyball, 78M)
Max Jones scores
Hollis Wood scores
Doug Delaney to third
Runner from 3rd tries for Home, SAFE, no throw or cutoff
Pitching: RHP Chris Johns
Batting: SHB Jeremy Holmes 0-0: Ball
1-0: Called Strike
1-1: Ball
2-1: Ball
3-1: Ground out 4-3 (Groundball, 4)
Top of the 8th over - 3 run(s), 3 hit(s), 0 error(s), 1 left on base; Rio Grande 4 - Newark 8
BOTTOM OF THE 8TH
Newark Bulldogs batting - Pitching for Rio Grande Rattlesnake : RHP Albert Gonzáles
Batting: SHB Nick Marshall 0-0: Ball
1-0: Ball
2-0: Called Strike
2-1: Ball
3-1: Foul Ball, location: 2F
3-2: Foul Ball, location: 2F
3-2: DOUBLE (Line Drive, 89D)
Batting: RHB Carl Byrd 0-0: Ball
Nick Marshall steals 3rd base
1-0: Fly out, F9 (Flyball, 9D)
Runner from 3rd tags up, SCORES, no throw
Batting: RHB Rob Bass 0-0: Ball
1-0: Ball
2-0: Called Strike
2-1: Called Strike
2-2: Ball
3-2: Base on Balls
Batting: LHB Lee Burton 0-0: Foul Ball, location: 2F
0-1: Fielders Choice at 2nd, 6-4 (Groundball, 6M)
Batting: RHB Jonas Uttley 0-0: Ball
1-0: Called Strike
1-1: Foul Ball, location: 2F
1-2: Ground out 5-3 (Groundball, 56)
Bottom of the 8th over - 1 run(s), 1 hit(s), 0 error(s), 1 left on base; Rio Grande 4 - Newark 9
TOP OF THE 9TH
Rio Grande Rattlesnake batting - Pitching for Newark Bulldogs : RHP Chris Johns
Batting: RHB Javier Rentería 0-0: Called Strike
0-1: Ball
1-1: Foul Ball, location: 2F
1-2: Foul Ball, location: 2F
1-2: Ball
2-2: Ball
3-2: Strikes out swinging
Batting: LHB R.J. Courtney 0-0: Ball
1-0: Called Strike
1-1: Called Strike
1-2: Ball
2-2: Fly out, F8 (Flyball, 8RM)
Batting: SHB Douglas Taylor 0-0: TRIPLE (Line Drive, 7LS)
Batting: RHB Max Jones 0-0: Ground out 6-3 (Groundball, 56)
Top of the 9th over - 0 run(s), 1 hit(s), 0 error(s), 1 left on base; Rio Grande 4 - Newark 9
Monday, December 5th, 2016 - OOTP Baseball 17.12 Build 75